 Dungeon Crawl Stone Soup version 0.30-a0-782-ge64f9170bb (webtiles) character file.

Game seed: 11944096004196333126

1587 IndexError the Skirmisher (level 8, -3/47 HPs)
             Began as a Gargoyle Hunter on Mar 2, 2023.
             Was a Follower of Hepliaklqana.
             Slain by a gargoyle
             ... wielding a +0 morningstar
              (19 damage)
             ... in a bailey.
             The game lasted 00:14:34 (5993 turns).

IndexError the Skirmisher (Gargoyle Hunter)         Turns: 5993, Time: 00:14:35

Health: -3/47      AC: 12    Str: 14    XL:     8   Next: 92%
Magic:  0/8        EV: 12    Int: 11    God:    Hepliaklqana [*.....]
Gold:   275        SH:  0    Dex: 15    Spells: 7/7 levels left

rFire   . . .      SeeInvis +    a - +0 shortbow
rCold   . . .      Faith    .    (shield currently unavailable)
rNeg    + . .      Spirit   +    r - +2 robe {Will+}
rPois   ∞          Reflect  .    k - +0 helmet
rElec   +          Harm     .    J - +0 cloak
rCorr   +          Rampage  .    B - +0 pair of gloves
Will    +....                    (no boots)
Stlth   ++                       F - amulet of guardian spirit {Spirit}
HPRegen 0.27/turn                m - ring of resist corrosion
MPRegen 0.11/turn                C - ring of see invisible {sInv, !d}

@: no status effects
A: reduced essence, sickness immunity, AC +5, negative energy resistance 1,
electricity resistance, torment resistance 1, petrification resistance
a: Renounce Religion, Recall Ancestor, Ancestor Identity


You were in a bailey.
You worshipped Hepliaklqana.
Hepliaklqana was aware of your devotion.
You visited 2 branches of the dungeon, and saw 8 of its levels.
You also visited: Bailey.

You collected 275 gold pieces.

Inventory:

Hand Weapons
 a - a +0 shortbow (weapon)
 b - the +4 trident "Huvveghu" {holy, Drain Str+7 Dex+7}
   (You found it on level 4 of the Dungeon)

   Str:       It affects your strength (+7).
   Dex:       It affects your dexterity (+7).
   Drain:     It drains your maximum health when unequipped.
Missiles
 v - 4 javelins
Armour
 k - a +0 helmet (worn)
   (You found it on level 1 of the Dungeon)
 r - a +2 robe of willpower (worn)
   (You took it off Sigmund on level 2 of the Dungeon)
 w - the +7 chain mail "Fecsir" {rPois rF+}
   (You found it on level 4 of the Dungeon)

   rF:        It protects you from fire.
   rPois:     It protects you from poison.
 B - a +0 pair of gloves (worn)
   (You found it on level 4 of the Dungeon)
 J - a +0 cloak (worn)
   (You found it on level 5 of the Dungeon)
 L - a scarf of resistance
   (You found it on level 6 of the Dungeon)
 N - the +0 robe "Idycam" {*Corrode Fly rC+ Regen+ Int+5}
   (You found it on level 7 of the Dungeon)

   Int:       It affects your intelligence (+5).
   rC:        It protects you from cold.
   Fly:       It grants you flight.
   Regen:     It increases your rate of health regeneration.
   *Corrode:  It may corrode you when you take damage.
Jewellery
 m - a ring of resist corrosion (left hand)
   (You found it on level 1 of the Dungeon)
 C - a ring of see invisible (right hand) {sInv, !d}
   (You found it on level 4 of the Dungeon)
 F - an amulet of guardian spirit (around neck) {Spirit}
   (You found it on level 5 of the Dungeon)
 H - an amulet of reflection
   (You found it on level 5 of the Dungeon)
Wands
 q - a wand of flame (10)
   (You took it off Sigmund on level 2 of the Dungeon)
 y - a wand of polymorph (6)
   (You found it on level 4 of the Dungeon)
 G - a wand of iceblast (7)
   (You found it on level 5 of the Dungeon)
 I - a wand of digging (4)
   (You found it on level 5 of the Dungeon)
Scrolls
 c - 2 scrolls of magic mapping {unknown}
 d - 4 scrolls of fear {unknown}
 f - 2 scrolls of vulnerability {unknown}
 g - 6 scrolls of identify {unknown}
 i - 3 scrolls of enchant armour {unknown}
 j - a scroll of acquirement {unknown}
 o - a scroll of enchant weapon {unknown}
 t - 3 scrolls of teleportation {unknown}
 u - 2 scrolls of butterflies {unknown}
 A - 2 scrolls of immolation {!r}
 K - a scroll of poison {unknown}
 M - a scroll of torment {unknown}
 O - a scroll of blinking {unknown}
Potions
 e - 3 potions of haste {unknown}
 h - a potion of degeneration {unknown}
 l - 5 potions of flight {unknown}
 n - a potion of resistance {unknown}
 p - a potion of lignification {unknown}
 s - 4 potions of curing {unknown}
 x - a potion of might {unknown}
 z - a potion of brilliance {unknown}
 D - a potion of heal wounds {unknown}
 E - a potion of attraction {unknown}


   Skills:
 + Level 7.2 Fighting
 * Level 9.8 Ranged Weapons
 - Level 1.5 Dodging
 - Level 1.1 Stealth


You had 7 spell levels left.
You didn't know any spells.
Your spell library contained the following spells:

 Spells                   Type           Power      Damage    Failure   Level
 Beastly Appendage        Tmut           0%         N/A       34%         1
 Kiss of Death            Conj/Necr      0%         2d5       34%         1
 Scorch                   Fire           0%         2d5       47%         2
 Wereblood                Tmut           0%         N/A       47%         2
 Confusing Touch          Hex            0%         N/A       71%         3
 Hailstorm                Conj/Ice       0%         3d3       71%         3
 Spider Form              Tmut/Pois      0%         N/A       71%         3
 Dispel Undead            Necr           0%         3d6       98%         4
 Flame Wave               Conj/Fire      0%         2d4       98%         4
 Ice Form                 Ice/Tmut       0%         N/A       98%         4
 Simulacrum               Ice/Necr       0%         N/A       100%        6
 Summon Cactus Giant      Summ           0%         N/A       100%        6


Dungeon Overview and Level Annotations

Branches:
Dungeon (7/15)             Temple (1/1) D:5          Bailey (1/1)

Altars:
Ashenzari
Cheibriados
Dithmenos
Elyvilon
Gozag
Hepliaklqana
Kikubaaqudgha
Nemelex Xobeh
Okawaru
Ru
Sif Muna
Trog
Uskayaw
Vehumet
Wu Jian
Xom
Yredelemnul
Zin
The Shining One

Shops:
D:4 ?(=:(


Innate Abilities, Weirdness & Mutations

Your life essence is reduced to manifest your ancestor. (-10% HP)
You are immune to sickness and miasma.
Your stone body is resilient. (AC +5)
You are immune to poison.
You resist negative energy. (rN+)
You are resistant to electric shocks. (rElec)
You are resistant to unholy torment.
You are immune to petrification.


Message History

No target in view!
You swap places.
There is an open door here.
You see here a +0 trident.
You open the door.
An orc warrior zombie comes into view. It is wielding a +0 halberd.
The orc warrior zombie hits you from afar with a +0 halberd!
You take 11 damage, and have 36/47 hp.
MASSIVE DAMAGE!!
You now have 7/8 mp.
You shoot an arrow.
The arrow barely misses the orc warrior zombie.
The orc warrior zombie hits you from afar with a +0 halberd.
You take 2 damage, and have 34/47 hp.
You shoot an arrow.
The arrow closely misses the orc warrior zombie.
You shoot an arrow. Laslo avoids your attack.
The arrow hits the orc warrior zombie.
The orc warrior zombie hits you from afar with a +0 halberd!
Laslo hits the orc warrior zombie.
You take 5 damage, and have 29/47 hp.
You now have 6/8 mp.
You shoot an arrow. Laslo avoids your attack.
The arrow hits the orc warrior zombie but does no damage.
Laslo hits the orc warrior zombie.
The orc warrior zombie barely misses you.
You shoot an arrow. Laslo avoids your attack.
The arrow hits the orc warrior zombie.
Laslo hits the orc warrior zombie.
The orc warrior zombie closely misses Laslo.
You shoot an arrow. Laslo avoids your attack.
The arrow hits the orc warrior zombie!
Laslo hits the orc warrior zombie!
No target in view!
No target in view!
No target in view!
Ancestor HP restored.
You swap places.
There is an open door here.
You see here a +0 halberd.
You see here an orc skeleton.
e - 3 blue potions (gained 2)
You see here an orc skeleton.
You see here a +0 halberd.
There is an open door here.
You see here a +0 trident.
There is an open door here.
You see here a +0 trident.
A gargoyle comes into view. It is wielding a +0 morningstar.
Health restored: 47; MP restored: 8 You swap places.
You shoot an arrow. The arrow hits the gargoyle.
The gargoyle hurls a stone arrow at you.
The stone arrow hits you!
Laslo hits the gargoyle but does no damage.
You take 10 damage, and have 37/47 hp.
MASSIVE DAMAGE!!
You now have 7/8 mp.
You shoot an arrow.
The arrow hits the gargoyle but does no damage.
Laslo barely misses the gargoyle.
You shoot an arrow. The arrow hits the gargoyle.
The gargoyle hurls a stone arrow at you.
The stone arrow hits you!
Laslo hits the gargoyle but does no damage.
You take 6 damage, and have 31/47 hp.
You now have 6/8 mp.
You shoot an arrow.
The arrow hits the gargoyle but does no damage.
You shoot an arrow.
The arrow hits the gargoyle but does no damage.
You shoot an arrow. The arrow hits the gargoyle.
The gargoyle hurls a stone arrow at you.
The stone arrow misses you.
Laslo hits the gargoyle but does no damage.
You shoot an arrow.
The arrow hits the gargoyle but does no damage.
The gargoyle hurls a stone arrow at you.
The stone arrow misses you.
Laslo hits the gargoyle.
You shoot an arrow.
The arrow hits the gargoyle but does no damage.
The gargoyle completely misses you.
Laslo hits the gargoyle but does no damage.
You shoot an arrow.
The arrow hits the gargoyle but does no damage.
The gargoyle hurls a stone arrow at you.
The stone arrow misses you.
Laslo hits the gargoyle.
You shoot an arrow. The arrow hits the gargoyle.
The gargoyle hurls a stone arrow at you.
The stone arrow hits you!!
Laslo barely misses the gargoyle.
You take 17 damage, and have 16/47 hp.
MASSIVE DAMAGE!!
You now have 4/8 mp.
You are too injured to fight recklessly!
You are too injured to fight recklessly!
You are too injured to fight recklessly!
You are too injured to fight recklessly!
Fire: a) +0 shortbow
Press: ? - help, Q - select action, (/) - cycle Shift-Dir - straight line, f/p - gargoyle
Aim: a gargoyle, wielding a +0 morningstar (moderately damaged, ally target, 79% to hit)
You shoot an arrow. The arrow hits the gargoyle.
The gargoyle hits you but does no damage.
Laslo hits the gargoyle.
Fire: a) +0 shortbow
Press: ? - help, Q - select action, (/) - cycle Shift-Dir - straight line, f/p - gargoyle
Aim: a gargoyle, wielding a +0 morningstar (heavily damaged, not watching you, ally target, 79% to hit)
You shoot an arrow.
The arrow hits the gargoyle but does no damage.
The gargoyle hits you with a +0 morningstar!!
You die...

#...... )....+..+.≈≈
..... #..)...#..#.≈≈
...######..♣...#..#.≈≈
#.........♣...#..#.≈≈#
#....♣....♣..#..#.≈≈.
#...♣.....♣..#).#.≈≈.
##......♣....').#.≈≈.
##..R9........####.≈≈.
##....@♣......#########
#......................
#...♣...).♣..).........
#....)........#########
#..................#≈≈.
#.......##'#.......#≈≈.
#8..#####R)#.......#≈≈.
#####..)'..#########≈≈.
#÷÷.#### ♣≈≈#


You could see the friendly Laslo the ancestor and a gargoyle (ally target).

Vanquished Creatures
  Sigmund (D:2)
  A water moccasin (D:5)
  A sky beast (D:7)
  A black bear (D:6)
  An ogre (D:4)
  A phantom (D:4)
  4 bullfrogs
  A scorpion (D:6)
  2 howler monkeys
  2 orc priests
  3 orc wizards
  7 adders
  A gnoll (D:1)
  4 white imps
  A worm (D:6)
  3 dart slugs
  20 orcs
  6 ball pythons
  7 endoplasms
  4 giant cockroaches
  7 goblins
  7 hobgoblins
  6 jackals
  4 kobolds
  3 quokkas
  3 bats
  2 frilled lizards
  9 orc zombies (Bailey)
  7 rats
  A spectral orc (D:3)
120 creatures vanquished.

Vanquished Creatures (collateral kills)
  A bullfrog (D:7)
  2 electric eels (D:6)
  A hound (D:7)
  An orc (D:7)
  4 orc zombies (Bailey)
9 creatures vanquished.

Vanquished Creatures (others)
  An ancestor (D:7)
1 creature vanquished.

Grand Total: 130 creatures vanquished

Notes
Turn   | Place    | Note
-------+----------+-------------------------------------------
     0 | D:1      | IndexError the Gargoyle Hunter began the quest for the Orb.
     0 | D:1      | Reached XP level 1. HP: 12/12 MP: 1/1
    51 | D:1      | Reached XP level 2. HP: 18/18 MP: 2/2
   126 | D:1      | Found a shadowy altar of Dithmenos.
   292 | D:1      | Reached XP level 3. HP: 22/22 MP: 3/3
   562 | D:2      | Reached skill level 3 in Fighting
   578 | D:2      | Identified the +1 spear "Xatintih" {flame, Fragile Will+
                  | Int+4}
   814 | D:2      | Identified the +1 robe "Manuw" {Harm MP+9 Str-2}
   877 | D:2      | Reached skill level 5 in Ranged Weapons
  1082 | D:2      | Noticed Sigmund
  1158 | D:2      | HP: 5/23 [Sigmund/magic dart (1)]
  1297 | D:2      | Killed Sigmund
  1298 | D:2      | Reached skill level 4 in Fighting
  1298 | D:2      | Reached skill level 6 in Ranged Weapons
  1298 | D:2      | Reached XP level 4. HP: 26/29 MP: 4/4
  1298 | D:2      | Reached XP level 5. HP: 29/33 MP: 5/5
  2017 | D:3      | Reached XP level 6. HP: 38/38 MP: 6/6
  2541 | D:3      | Found a basalt altar of Yredelemnul.
  2607 | D:4      | Identified the +7 chain mail "Fecsir" {rPois rF+}
  2906 | D:4      | HP: 5/39 [orc priest/divine providence (11)]
  3159 | D:4      | HP: 6/39 [orc priest/divine providence (10)]
  3344 | D:4      | Reached skill level 7 in Ranged Weapons
  3344 | D:4      | Reached XP level 7. HP: 44/44 MP: 7/7
  3366 | D:4      | Found Getoeb's Jewellery Shoppe.
  3389 | D:4      | Identified the +4 trident "Huvveghu" {holy, Drain Str+7
                  | Dex+7}
  3425 | D:4      | Reached skill level 5 in Fighting
  3428 | D:4      | Found Jusozan's Magic Scroll Boutique.
  3501 | D:4      | Found Toezukh's Book Emporium.
  3534 | D:4      | Found Nawn's Antique Weapon Shop.
  3722 | D:4      | Found Oriyk's Antique Weapon Boutique.
  3780 | D:5      | Entered Level 5 of the Dungeon
  3946 | D:5      | Found an iron altar of Okawaru.
  3982 | D:5      | Reached skill level 8 in Ranged Weapons
  4099 | D:5      | Found a staircase to the Ecumenical Temple.
  4111 | Temple   | Entered the Ecumenical Temple
  4286 | Temple   | Became a worshipper of Hepliaklqana the Forgotten
  4429 | D:5      | Found a bloodstained altar of Trog.
  4793 | D:6      | Reached XP level 8. HP: 46/51 MP: 5/8
  5000 | D:6      | Reached skill level 6 in Fighting
  5156 | D:6      | Found a snail-covered altar of Cheibriados.
  5262 | D:6      | Reached * piety under Hepliaklqana
  5301 | D:6      | Found a glowing silver altar of Zin.
  5301 | D:6      | Found a sacrificial altar of Ru.
  5357 | D:6      | Reached skill level 9 in Ranged Weapons
  5572 | D:7      | Reached skill level 7 in Fighting
  5609 | D:7      | Identified the +0 robe "Idycam" {*Corrode Fly rC+ Regen+
                  | Int+5}
  5759 | D:7      | Found a flagged portal.
  5774 | Bailey   | Entered a bailey
  5974 | Bailey   | Noticed a gargoyle
  5993 | Bailey   | Slain by a gargoyle

Illustrated notes

Levels and vault maps discovered:
D:1:      co_arrival_hall_of_pillars, layout_rooms, minmay_hexomino_r4
D:2:      layout_loops_ring, serial_rivers, chequers_serial_rivers_large_a,
          chequers_serial_rivers_marsh, chequers_serial_rivers_large_b,
          chequers_serial_rivers_small_b, chequers_serial_rivers_small_3,
          chequers_serial_rivers_small_b, uniq_sigmund
D:3:      layout_loops_ring, yredelemnul_forgotten_temple_becter, minivault_14
D:4:      layout_gridville, serial_shops, nicolae_shop_advertising_works
          [nicolae_subvault_shop_adworks], shop, kennysheep_mini_moat, shop,
          shop_fountains
D:5:      layout_basic, mainiacjoe_overflow_surrounded_room,
          nicolae_overflow_crystal_walls, minmay_temple_entry_butterflies
D:6:      layout_basic, cheibrodos_worm_habitat, nicolae_overflow_squiral,
          kennysheep_generic_room_9
D:7:      layout_loops_ring, enter_bailey_5
Temple:   hellmonk_temple_flake
Bailey:   bailey_polearm_vampire_castle_hellmonk, bailey

Skill      XL: |  1  2  3  4  5  6  7  8 |
---------------+-------------------------+-----
Fighting       | 4 5 7 |  7.2
Ranged Weapons | 6 7 8 9 |  9.8
Dodging        | |  1.5
Stealth        | |  1.1

Action                     |  1- 3 |  4- 6 |  7- 9 || total
---------------------------+-------+-------+-------++-------
   Fire: Shortbow          |    99 |   143 |   270 ||   512
 Armour: Leather armour    |    20 |       |       ||    20
         Robe              |       |    30 |    40 ||    70
  Dodge: Dodged            |    41 |    42 |    58 ||   141

Table legend: (Time is in decaauts)
 A = Elapsed time spent in this place.
 B = Non-inter-level travel time spent in this place.
 C = Inter-level travel time spent in this place.
 D = Time resting spent in this place.
 E = Time spent auto-exploring this place.
 F = Levels seen in this place.
 G = Mean time per level.
                   A        B        C        D        E       F      G
               +--------+--------+--------+--------+--------+-----+--------+
         Total |   6135 |   5534 |    601 |      0 |   4204 |   9 |  681.7 |
       Dungeon |   5728 |   5137 |    591 |      0 |   3909 |   7 |  818.3 |
        Temple |    186 |    176 |     10 |      0 |    142 |   1 |  186.0 |
        Bailey |    219 |    219 |      0 |      0 |    153 |   1 |  219.0 |
               +--------+--------+--------+--------+--------+-----+--------+

Top non-repeatable levels by time:
     D:3: 1154 daAuts
     D:2: 1012 daAuts
     D:1: 956 daAuts
     D:4: 844 daAuts
     D:5: 798 daAuts
     D:6: 687 daAuts
     D:7: 275 daAuts
  Bailey: 219 daAuts
  Temple: 186 daAuts

Table legend:
 A = Kills in this place as a percentage of kills in entire the game.
 B = Kills by you in this place as a percentage of kills by you in the entire game.
 C = Kills by friends in this place as a percentage of kills by friends in the entire game.
 D = Other kills in this place as a percentage of other kills in the entire game.
 E = Experience gained in this place as a percentage of experience gained in the entire game.
 F = Experience gained in this place divided by the number of levels of this place that you have seen.
                   A       B       C       D       E      F
               +-------+-------+-------+-------+-------+----------------------
         Total | 100.0 | 100.0 | 100.0 |   N/A | 100.0 | 252.0
       Dungeon |  89.9 |  92.5 |  55.6 |   N/A |  96.6 | 312.9
        Bailey |  10.1 |   7.5 |  44.4 |   N/A |   3.4 |  78.0
               +-------+-------+-------+-------+-------+----------------------
